 Dungeon Crawl Stone Soup version 0.29-a0-323-g050149af67 (webtiles) character file.

Game seed: 10251865284659998210

5266 Jortsu the Blocker (level 10, -2/82 HPs)
             Began as a Gnoll Fighter on Apr 10, 2022.
             Was the Champion of Jiyva.
             Slain by Snorg (12 damage)
             ... on level 10 of the Dungeon.
             The game lasted 00:17:03 (6664 turns).

Jortsu the Blocker (Gnoll Fighter)                  Turns: 6664, Time: 00:17:04

Health: -2/82      AC:  6    Str: 19    XL:     10   Next: 62%
Magic:  18/18      EV: 14    Int: 10    God:    Jiyva [******]
Gold:   303        SH:  7    Dex: 19    Spells: 19/19 levels left

rFire   . . .      SeeInvis .   p - +11 whip of Beogh's Castigation {vorpal, Int+3}
rCold   . . .      Faith    .   c - +0 buckler
rNeg    . . .      Spirit   .   i - +0 troll leather armour {Pargi}
rPois   +          Reflect  .   m - +0 helmet
rElec   .          Harm     .   (no cloak)
rCorr   +          Rampage  .   (no gloves)
Will    .....                   g - +0 pair of boots
Stlth   ++++++....              (no amulet)
HPRegen 2.63/turn               h - ring of poison resistance
MPRegen 0.66/turn               (no ring)

@: no status effects
A: fangs 1, strong nose, distributed training, thin skeletal structure 3, poison
resistance, pseudopods 1, evolution 2, jelly sensing items
a: Renounce Religion, Oozemancy, Slimify


You were on level 10 of the Dungeon.
You worshipped Jiyva.
Jiyva was exalted by your worship.
You visited 1 branch of the dungeon, and saw 10 of its levels.

You collected 327 gold pieces.
You spent 24 gold pieces at shops.

Inventory:

Hand Weapons
 a - a +1 war axe
 n - a +4 short sword of electrocution
 p - the +11 whip of Beogh's Castigation (weapon) {vorpal, Int+3}
   (You found it on level 6 of the Dungeon)

   It inflicts extra damage upon your enemies.
   Int:       It affects your intelligence (+3).
 t - a +0 long sword of holy wrath
Armour
 c - a +0 buckler (worn)
 f - a +0 chain mail
 g - a +0 pair of boots (worn)
 i - a +0 troll leather armour (worn) {Pargi}
 m - a +0 helmet (worn)
 u - +0 swamp dragon scales
 x - a +0 scale mail of fire resistance
 z - +0 acid dragon scales
 A - an orb of mayhem
Jewellery
 h - a ring of poison resistance (left hand)
 l - a ring of ice
Wands
 r - a wand of flame (14)
 s - a wand of iceblast (15)
Scrolls
 j - 3 scrolls of amnesia
 k - 2 scrolls of teleportation
 v - a scroll of magic mapping
 w - 2 scrolls of fear
 y - a scroll of enchant weapon
Potions
 b - a potion of resistance
 d - 2 potions of might
 e - a potion of lignification
 o - a potion of cancellation {unknown}
 q - 2 potions of mutation {unknown}
 B - a potion of curing
 C - a potion of degeneration {unknown}
 D - a potion of berserk rage {unknown}
Miscellaneous
 E - a tin of tremorstones (2/2)


   Skills:
 + Level 8.6 Fighting
 + Level 5.4 Short Blades
 + Level 5.4 Long Blades
 + Level 7.2 Axes
 + Level 5.4 Maces & Flails
 + Level 5.4 Polearms
 + Level 5.4 Staves
 + Level 5.4 Slings
 + Level 5.4 Bows
 + Level 5.4 Crossbows
 + Level 5.4 Throwing
 + Level 8.6 Armour
 + Level 5.4 Dodging
 + Level 5.4 Stealth
 + Level 8.6 Shields
 + Level 5.4 Unarmed Combat
 + Level 5.4 Spellcasting
 + Level 4.5 Conjurations
 + Level 4.5 Hexes
 + Level 4.5 Summonings
 + Level 4.5 Necromancy
 + Level 4.5 Translocations
 + Level 4.5 Transmutations
 + Level 4.5 Fire Magic
 + Level 4.5 Ice Magic
 + Level 4.5 Air Magic
 + Level 4.5 Earth Magic
 + Level 4.5 Poison Magic
 + Level 6.0 Invocations
 + Level 5.4 Evocations


You had 19 spell levels left.
You didn't know any spells.
Your spell library contained the following spells:

 Spells                   Type           Power      Damage    Failure   Level
 Corpse Rot               Necr/Air       22%        N/A       8%          2
 Poisonous Vapours        Pois/Air       22%        N/A       8%          2
 Tukima's Dance           Hex            11%        N/A       14%         3
 Anguish                  Hex/Necr       5%         N/A       43%         4
 Enfeeble                 Hex            5%         N/A       100%        7


Dungeon Overview and Level Annotations

Branches:
Dungeon (10/15)            Temple (0/1) D:6            Lair (0/6) D:8
    Orc: D:9-12

Altars:
Sif Muna
Jiyva

Shops:
D:3 *   D:6 [*

Annotations:
D:10 Snorg


Innate Abilities, Weirdness & Mutations

You have very sharp teeth.
Your uncanny sense of smell can sniff out nearby items.
Your experience applies equally to all skills.
You have an unnaturally thin skeletal structure. (Dex +6, Stealth+++)
Your system is resistant to poisons. (rPois)
Armour fits poorly on your pseudopods.
You have great hidden genetic potential.
You have a small jelly attached to you that senses nearby items.


Message History

Snorg is lightly wounded.
Snorg barely misses you. Snorg misses you. Snorg completely misses you.
You whack Snorg!
Snorg is lightly wounded.
You closely miss Snorg. You bite Snorg.
Snorg is lightly wounded.
You block Snorg's attack. Snorg claws you! You block Snorg's attack.
You whack Snorg! Your bludgeon misses Snorg.
Snorg is heavily wounded.
Snorg misses you. Snorg closely misses you. Snorg claws you!
You whack Snorg! Your bite misses Snorg. You bludgeon Snorg.
Snorg is heavily wounded.
Snorg goes berserk!
You thrash Snorg!! Your bludgeon misses Snorg.
Snorg is severely wounded.
Snorg closely misses you. You block Snorg's attack.
Snorg completely misses you.
You whack Snorg!
Snorg is almost dead.
You block Snorg's attack. Snorg claws you!! Snorg claws you!
You block Snorg's attack. Snorg barely misses you. Snorg closely misses you.
You barely miss Snorg. You bite Snorg. You bludgeon Snorg.
Snorg is almost dead.
You block Snorg's attack. Snorg claws you. x2
You whack Snorg! Your bite misses Snorg. Your bludgeon misses Snorg.
Snorg is almost dead.
You block Snorg's attack. Snorg claws you but does no damage.
Snorg closely misses you.
You whack Snorg!
Snorg is almost dead.
You block Snorg's attack. Snorg claws you. You block Snorg's attack.
You barely miss Snorg. Your bludgeon misses Snorg.
Snorg is almost dead.
Snorg bites you.
You block Snorg's attack. x2; Snorg bites you!!
* * * LOW HITPOINT WARNING * * *
You shudder from the blow and a jelly pops out!
Snorg claws you!
* * * LOW HITPOINT WARNING * * *
Snorg claws you!
You die...

#................##
###......##......#
##..##.#######.#
##.#..#####. ...
##.......... ..
#.....#####
.....##..$J###
#8#####....).)#
#.###@#)..# #.
#T.##..# #. ##.#
..# #. ... ## ..
..... ......
........ ∆ .....#


You could see Snorg (berserk, ally target) and a friendly quicksilver ooze
(summoned).

Vanquished Creatures
  Maurice (D:9)
  Maggie (D:7)
  A troll (D:10)
  A hornet (D:9)
  Prince Ribbit (D:7)
  A wyvern (D:9)
  A wraith (D:8)
  4 yaks (D:9)
  A steam dragon (D:9)
  Grum (D:9)
  An acid dragon (D:8)
  2 orc warriors
  A black bear (D:8)
  2 sky beasts
  Pargi (D:3)
  An ogre (D:6)
  An ice beast (D:7)
  4 wolves (D:9)
  3 centaurs
  2 phantoms
  2 kobold brigands
  4 bullfrogs
  A gnoll sergeant (D:9)
  A scorpion (D:7)
  3 killer bees (D:9)
  2 howler monkeys (D:9)
  3 hounds
  A gnoll shaman (D:5)
  2 orc priests (D:10)
  3 iguanas (D:6)
  3 orc wizards
  14 gnolls
  5 adders
  A worm (D:4)
  2 dart slugs
  8 orcs
  3 ball pythons
  3 endoplasms (D:1)
  5 giant cockroaches
  8 goblins
  8 hobgoblins
  4 jackals (D:1)
  5 quokkas
  5 bats
  2 frilled lizards
  11 kobolds
  4 rats (D:1)
  A bush (D:7)
145 creatures vanquished.

Vanquished Creatures (collateral kills)
  Menkaure (D:6)
  An ufetubus (D:6)
2 creatures vanquished.

Vanquished Creatures (others)
  A sky beast (D:7)
  A kobold brigand (D:8)
  A bullfrog (D:7)
  A howler monkey (D:7)
  6 jellies
  A gnoll shaman (D:4)
  Jessica (D:2)
  An orc wizard (D:9)
  Robin (D:2)
  8 gnolls
  An adder (D:2)
  A worm (D:4)
  4 orcs
  2 endoplasms (D:2)
  3 giant cockroaches
  7 goblins
  2 hobgoblins
  2 quokkas
  4 ball pythons
  A bat (D:3)
  A frilled lizard (D:2)
  11 kobolds
  A rat (D:2)
  A fungus (D:1)
  2 plants (D:1)
65 creatures vanquished.

Grand Total: 212 creatures vanquished

Notes
Turn   | Place    | Note
-------+----------+-------------------------------------------
     0 | D:1      | Jortsu the Gnoll Fighter began the quest for the Orb.
     0 | D:1      | Reached XP level 1. HP: 23/23 MP: 1/1
    21 | D:1      | Reached XP level 2. HP: 22/29 MP: 2/2
   549 | D:1      | Reached XP level 3. HP: 35/35 MP: 3/3
   733 | D:1      | Found a faded altar of an unknown god.
   759 | D:1      | Prayed at the altar of an unknown god.
   759 | D:1      | Became a worshipper of Jiyva Joitsom the Shapeless
   759 | D:1      | Reached * piety under Jiyva
  1163 | D:2      | Killed Jessica
  1176 | D:2      | Reached skill level 1 in Invocations
  1185 | D:2      | Reached skill level 1 in Short Blades
  1185 | D:2      | Reached skill level 1 in Long Blades
  1185 | D:2      | Reached skill level 1 in Maces & Flails
  1185 | D:2      | Reached skill level 1 in Polearms
  1185 | D:2      | Reached skill level 1 in Staves
  1185 | D:2      | Reached skill level 1 in Slings
  1185 | D:2      | Reached skill level 1 in Bows
  1185 | D:2      | Reached skill level 1 in Crossbows
  1185 | D:2      | Reached skill level 1 in Throwing
  1185 | D:2      | Reached skill level 1 in Dodging
  1185 | D:2      | Reached skill level 1 in Stealth
  1185 | D:2      | Reached skill level 1 in Unarmed Combat
  1185 | D:2      | Reached skill level 1 in Spellcasting
  1185 | D:2      | Reached skill level 1 in Evocations
  1269 | D:2      | Reached XP level 4. HP: 41/41 MP: 5/5
  1411 | D:2      | Killed Robin
  1413 | D:2      | Reached ** piety under Jiyva
  1736 | D:3      | Found Kuoj's General Store.
  1744 | D:3      | Bought a scroll of identify for 24 gold pieces
  1996 | D:3      | Reached *** piety under Jiyva
  2027 | D:3      | Noticed Pargi
  2043 | D:3      | Killed Pargi
  2044 | D:3      | Reached skill level 1 in Conjurations
  2044 | D:3      | Reached skill level 1 in Hexes
  2044 | D:3      | Reached skill level 1 in Summonings
  2044 | D:3      | Reached skill level 1 in Necromancy
  2044 | D:3      | Reached skill level 1 in Translocations
  2044 | D:3      | Reached skill level 1 in Transmutations
  2044 | D:3      | Reached skill level 1 in Fire Magic
  2044 | D:3      | Reached skill level 1 in Ice Magic
  2044 | D:3      | Reached skill level 1 in Air Magic
  2044 | D:3      | Reached skill level 1 in Earth Magic
  2044 | D:3      | Reached skill level 1 in Poison Magic
  2044 | D:3      | Reached XP level 5. HP: 44/47 MP: 5/7
  2233 | D:4      | Gained mutation: You have acidic saliva. [Jiyva's grace]
  2233 | D:4      | Gained mutation: You have a somewhat thin skeletal
                  | structure. (Dex +2, Stealth+) [Jiyva's grace]
  2233 | D:4      | Gained mutation: You have a moderately thin skeletal
                  | structure. (Dex +4, Stealth++) [Jiyva's grace]
  2233 | D:4      | Gained mutation: You have an unnaturally thin skeletal
                  | structure. (Dex +6, Stealth+++) [Jiyva's grace]
  2424 | D:4      | Reached XP level 6. HP: 53/53 MP: 8/8
  2600 | D:4      | Reached **** piety under Jiyva
  3260 | D:5      | Entered Level 5 of the Dungeon
  3299 | D:5      | Reached ***** piety under Jiyva
  3360 | D:5      | Reached skill level 5 in Axes
  3635 | D:5      | Noticed a sky beast
  3642 | D:5      | Killed a sky beast
  3643 | D:5      | Reached XP level 7. HP: 60/60 MP: 10/10
  3978 | D:6      | Noticed Menkaure
  3983 | D:6      | Killed Menkaure
  4044 | D:6      | Found a staircase to the Ecumenical Temple.
  4066 | D:6      | Reached XP level 8. HP: 67/67 MP: 12/12
  4099 | D:6      | Lost mutation: You have acidic saliva. [Jiyva's grace]
  4099 | D:6      | Gained mutation: You have a small jelly attached to you
                  | that may absorb projectiles. [Jiyva's grace]
  4099 | D:6      | Gained mutation: Armour fits poorly on your pseudopods.
                  | [Jiyva's grace]
  4099 | D:6      | Gained mutation: Armour fits poorly on your large
                  | pseudopods. [Jiyva's grace]
  4099 | D:6      | Gained mutation: Armour fits poorly on your massive
                  | pseudopods. [Jiyva's grace]
  4334 | D:6      | Found Beamucse's General Store.
  4359 | D:6      | Identified the +11 whip of Beogh's Castigation {vorpal,
                  | Int+3}
  4514 | D:6      | Found Wetiecwi's Armour Shoppe.
  4795 | D:7      | Noticed Prince Ribbit
  4800 | D:7      | Killed Prince Ribbit
  4970 | D:7      | Noticed Maggie
  4983 | D:7      | Killed Maggie
  4984 | D:7      | Reached XP level 9. HP: 63/73 MP: 14/14
  5619 | D:8      | Found a staircase to the Lair.
  5815 | D:8      | Reached ****** piety under Jiyva
  5949 | D:9      | Noticed Maurice
  5962 | D:9      | Killed Maurice
  5963 | D:9      | Reached skill level 5 in Invocations
  6024 | D:9      | Reached XP level 10. HP: 80/80 MP: 17/17
  6091 | D:9      | Reached skill level 5 in Short Blades
  6091 | D:9      | Reached skill level 5 in Long Blades
  6091 | D:9      | Reached skill level 5 in Maces & Flails
  6091 | D:9      | Reached skill level 5 in Polearms
  6091 | D:9      | Reached skill level 5 in Staves
  6091 | D:9      | Reached skill level 5 in Slings
  6091 | D:9      | Reached skill level 5 in Bows
  6091 | D:9      | Reached skill level 5 in Crossbows
  6091 | D:9      | Reached skill level 5 in Throwing
  6091 | D:9      | Reached skill level 5 in Dodging
  6091 | D:9      | Reached skill level 5 in Stealth
  6091 | D:9      | Reached skill level 5 in Unarmed Combat
  6091 | D:9      | Reached skill level 5 in Spellcasting
  6091 | D:9      | Reached skill level 5 in Evocations
  6285 | D:9      | Noticed Grum
  6292 | D:9      | Killed Grum
  6412 | D:9      | Found a shimmering blue altar of Sif Muna.
  6435 | D:9      | Lost mutation: Armour fits poorly on your massive
                  | pseudopods. [Jiyva's grace]
  6435 | D:9      | Lost mutation: Armour fits poorly on your large pseudopods.
                  | [Jiyva's grace]
  6435 | D:9      | Lost mutation: You have a small jelly attached to you that
                  | may absorb projectiles. [Jiyva's grace]
  6435 | D:9      | Gained mutation: You have hidden genetic potential.
                  | [Jiyva's grace]
  6435 | D:9      | Gained mutation: You have great hidden genetic potential.
                  | [Jiyva's grace]
  6435 | D:9      | Gained mutation: You have a small jelly attached to you
                  | that senses nearby items. [Jiyva's grace]
  6435 | D:9      | Gained mutation: Your system is resistant to poisons.
                  | (rPois) [Jiyva's grace]
  6596 | D:10     | Entered Level 10 of the Dungeon
  6639 | D:10     | Noticed Snorg
  6664 | D:10     | Slain by Snorg

Illustrated notes

Levels and vault maps discovered:
D:1:      wander_arrival_desolate, layout_basic, shapermc_ecumenical_altar_gd,
          minmay_pentomino_p4
D:2:      layout_basic, dreamdust_wishing_well, uniq_robin, uniq_jessica
D:3:      layout_rooms, serial_shops, shop, uniq_pargi
D:4:      layout_layer_cave, kennysheep_dice
D:5:      layout_loops_ring, minmay_crystal_room, grunt_decor_arrowhead
D:6:      layout_basic, minmay_temple_entry_tees, serial_shops, shop,
          kennysheep_mini, st_stairs_2, minmay_tree_intersection,
          grunt_decor_cap, hex_intersection, uniq_menkaure
D:7:      layout_loops_ring, kb_lookout_dungeons_type, uniq_prince_ribbit1,
          uniq_maggie
D:8:      layout_gridville, lair_entry_dummy, serial_glass, glass_columns_a,
          glass_columns_a
D:9:      layout_big_octagon, lemuel_doored_altar, grunt_ministairs_3,
          uniq_maurice, uniq_grum
D:10:     layout_rooms, serial_corexii_hall, chequers_hall_statues_wall_a,
          chequers_hall_statues_y, chequers_hall_statues_y,
          corexii_hall_statues_x, minmay_statue_bubble, uniq_sonja, uniq_snorg,
          uniq_harold

Skill      XL: |  1  2  3  4  5  6  7  8  9 10 |
---------------+-------------------------------+-----
Invocations    | 1 2 3 4 5 6 |  6.0
Short Blades   | 1 2 3 4 5 |  5.4
Long Blades    | 1 2 3 4 5 |  5.4
Maces & Flails | 1 2 3 4 5 |  5.4
Polearms       | 1 2 3 4 5 |  5.4
Staves         | 1 2 3 4 5 |  5.4
Slings         | 1 2 3 4 5 |  5.4
Bows           | 1 2 3 4 5 |  5.4
Crossbows      | 1 2 3 4 5 |  5.4
Throwing       | 1 2 3 4 5 |  5.4
Dodging        | 1 2 3 4 5 |  5.4
Stealth        | 1 2 3 4 5 |  5.4
Unarmed Combat | 1 2 3 4 5 |  5.4
Spellcasting   | 1 2 3 4 5 |  5.4
Evocations     | 1 2 3 4 5 |  5.4
Conjurations   | 1 2 3 4 |  4.5
Hexes          | 1 2 3 4 |  4.5
Summonings     | 1 2 3 4 |  4.5
Necromancy     | 1 2 3 4 |  4.5
Translocations | 1 2 3 4 |  4.5
Transmutations | 1 2 3 4 |  4.5
Fire Magic     | 1 2 3 4 |  4.5
Ice Magic      | 1 2 3 4 |  4.5
Air Magic      | 1 2 3 4 |  4.5
Earth Magic    | 1 2 3 4 |  4.5
Poison Magic   | 1 2 3 4 |  4.5
Axes           | 5 6 7 |  7.2
Fighting       | 7 8 |  8.6
Armour         | 7 8 |  8.6
Shields        | 7 8 |  8.6

Action                   |  1- 3 |  4- 6 |  7- 9 | 10-12 || total
-------------------------+-------+-------+-------+-------++-------
Melee: War axe           |    86 |   116 |    53 |       ||   255
       Bite              |     8 |    13 |    21 |    11 ||    53
       Whip              |       |       |   109 |   114 ||   223
       Pseudopods        |       |       |    31 |    26 ||    57
  Use: Scroll            |     3 |     5 |     4 |     1 ||    13
       Potion            |       |     1 |       |       ||     1
 Stab: Sleeping          |       |     2 |    10 |     2 ||    14
       Distracted        |       |       |     1 |       ||     1
Armor: Scale mail        |    16 |       |       |       ||    16
       Chain mail        |    38 |    48 |       |       ||    86
       Troll leather arm |       |    17 |    31 |    15 ||    63
Dodge: Dodged            |    44 |    66 |   104 |    67 ||   281
Block: Buckler           |    37 |    39 |    62 |    59 ||   197

Table legend: (Time is in decaauts)
 A = Elapsed time spent in this place.
 B = Non-inter-level travel time spent in this place.
 C = Inter-level travel time spent in this place.
 D = Time resting spent in this place.
 E = Time spent auto-exploring this place.
 F = Levels seen in this place.
 G = Mean time per level.
                   A        B        C        D        E       F      G
               +--------+--------+--------+--------+--------+-----+--------+
         Total |   6730 |   6539 |    191 |    185 |   4840 |  10 |  673.0 |
       Dungeon |   6730 |   6539 |    191 |    185 |   4840 |  10 |  673.0 |
               +--------+--------+--------+--------+--------+-----+--------+

Top non-repeatable levels by time:
     D:1: 1138 daAuts
     D:4: 1089 daAuts
     D:6: 802 daAuts
     D:5: 696 daAuts
     D:9: 645 daAuts
     D:7: 630 daAuts
     D:2: 623 daAuts
     D:8: 585 daAuts
     D:3: 455 daAuts
    D:10: 63 daAuts
